[Event "*** MasterClass Titled Tuesday Blitz"]
[Site "Chess.com"]
[Date "2017.07.04"]
[Round "5"]
[White "jeaston1"]
[Black "abubakrtagelsir"]
[Result "0-1"]
[WhiteElo "2040"]
[BlackElo "2170"]
[TimeControl "180+2"]
[EndTime "14:01:01 PDT"]
[Termination "abubakrtagelsir won by resignation"]

1. d4 d5 2. c4 c6 3. Nc3 Nf6 4. e3 a6 5. Qc2 Bg4 6. Nge2 Bh5 7. Nf4 Bg6 8. Nxg6 hxg6 9. a4 e6 10. Bd2 a5 11. Rd1 Na6 12. Na2 Qc7 13. cxd5 exd5 14.
Bxa6 Rxa6 15. Nc3 Rxh2 16. Rxh2 Qxh2 17. g3 Ng4 18. Bc1 Qg1+ 0-1

[Event "*** MasterClass Titled Tuesday Blitz"]
[Site "Chess.com"]
[Date "2017.07.04"]
[Round "5"]
[White "Msb2"]
[Black "DanielRensch"]
[Result "1-0"]
[WhiteElo "2545"]
[BlackElo "2405"]
[TimeControl "180+2"]
[EndTime "14:01:23 PDT"]
[Termination "Msb2 won by resignation"]

1. d4 Nf6 2. c4 e6 3. g3 d5 4. Bg2 dxc4 5. Nf3 b5 6. O-O Be7 7.
a4 c6 8. Ne5 Nd5 9. Nc3 a6 10.
axb5 cxb5 11. Nxb5 O-O 12. Nc3 Qc7 13. Nxd5 exd5 14.
Bxd5 Bb7 15. Bxb7 Qxb7 16. Nxc4 Nc6 17. d5 Nb4 18. e4 Rfc8 19. b3 Bc5 20. Bb2 Qe7 21.
Qg4 Qf8 22. Rad1 Rab8 23. Ne5 f5 24. exf5 Rd8 25. Nc6 Nxc6 26. dxc6 1-0

[Event "*** MasterClass Titled Tuesday Blitz"]
[Site "Chess.com"]
[Date "2017.07.04"]
[Round "5"]
[White "silverback96"]
[Black "evgenysharapov"]
[Result "1-0"]
[WhiteElo "2125"]
[BlackElo "2217"]
[TimeControl "180+2"]
[EndTime "14:01:34 PDT"]
[Termination "silverback96 won by resignation"]

1. Nf3 c5 2. g3 Nc6 3. Bg2 e5 4. O-O g6 5. c4 Bg7 6. Nc3 d6 7. a3 a5 8. Ne1 Be6 9. d3 Nge7 10. Nc2 d5 11. cxd5 Nxd5 12. Ne3 Nde7 13. Qa4 O-O 14. Nc4 Rb8 15. Nb5 Bd5 16. Bh3 f5 17. Bg5 h6 18.
Bxe7 Qxe7 19. Nb6 Kh8 20. Nxd5 1-0

[Event "*** MasterClass Titled Tuesday Blitz"]
[Site "Chess.com"]
[Date "2017.07.04"]
[Round "5"]
[White "Al_Shima"]
[Black "Witik"]
[Result "0-1"]
[WhiteElo "2354"]
[BlackElo "2532"]
[TimeControl "180+2"]
[EndTime "14:01:52 PDT"]
[Termination "Witik won by resignation"]

1. b3 d5 2. Bb2 Bg4 3. f3 Bh5 4. e4 Nf6 5. Qe2 Nc6 6. e5 Nd7 7. d4 e6 8. h4 h6 9. g4 Bg6 10.
h5 Bh7 11. Nc3 Nxd4 12. Qd2 Nxc2+ 13. Kf2 Bc5+ 14. Kg3 Nxe5 15. Rc1 Be3 16. Qd1 Qf6 17. Rxc2 Qf4+ 18. Kh3 Bxc2 19. Qxc2 Bxg1 20. Rxg1 Qxf3+ 21. Kh4 g5+ 22. hxg6 Nxg6+ 23. Kh5 Qf6 0-1

[Event "*** MasterClass Titled Tuesday Blitz"]
[Site "Chess.com"]
[Date "2017.07.04"]
[Round "5"]
[White "fidetrainerNET"]
[Black "FearlessKing64"]
[Result "0-1"]
[WhiteElo "2081"]
[BlackElo "2169"]
[TimeControl "180+2"]
[EndTime "14:02:41 PDT"]
[Termination "FearlessKing64 won by resignation"]

1. e4 c5 2. Nc3 d6 3. Nf3 Nf6 4. d4 cxd4 5. Nxd4 a6 6. Bg5 e6 7. f4 Be7 8. Qf3 h6 9. Bxf6 Bxf6 10. O-O-O Qb6 11. Qe3 Nc6 12. Nd5 exd5 13. exd5+ Ne7 14. Bc4 O-O 15. g4 Bxg4 16. Rd2 Rac8 17. Bb3 Bd7 18. Rg1 Rfe8 19. Rxg7+ Bxg7 20. Qg3 Kh8 21. Qh4 Nf5 22. Nxf5 Bxf5 0-1

[Event "*** MasterClass Titled Tuesday Blitz"]
[Site "Chess.com"]
[Date "2017.07.04"]
[Round "5"]
[White "SipkeErnst"]
[Black "Jospem"]
[Result "0-1"]
[WhiteElo "2462"]
[BlackElo "2606"]
[TimeControl "180+2"]
[EndTime "14:03:02 PDT"]
[Termination "Jospem won by checkmate"]

1. d4 Nf6 2. c4 e6 3. Nc3 Bb4 4. e3 O-O 5. Bd3 b6 6. Ne2 Bb7 7. O-O c5 8. d5 exd5 9. Nxd5 Ba5 10. e4 Bxd5 11. exd5 d6 12. Bg5 Nbd7 13. Ng3 g6 14.
Ne4 Re8 15. Nxf6+ Nxf6 16. Qf3 Kg7 17. Qf4 Nh5 18. Qh4 f6 19. Bc1 f5 20. a3 Qxh4 21.
Re1 Rxe1+ 22. Bf1 Qxc4 23. Kh1 Qxf1# 0-1

[Event "*** MasterClass Titled Tuesday Blitz"]
[Site "Chess.com"]
[Date "2017.07.04"]
[Round "5"]
[White "Zhani-Z"]
[Black "Alexander_Donchenko"]
[Result "1/2-1/2"]
[WhiteElo "2366"]
[BlackElo "2570"]
[TimeControl "180+2"]
[EndTime "14:03:02 PDT"]
[Termination "Game drawn by repetition"]

1. d4 Nf6 2. Bg5 d5 3. e3 c5 4. c3 Nc6 5. Nd2 Qb6 6. Qb3 c4 7. Qc2 g6 8. Bxf6 exf6 9. e4 Be6 10. exd5 Bxd5 11. Nxc4 Qc7 12. Ne3 Qd7 13. Nxd5 Qxd5 14.
Nf3 Bh6 15. Be2 O-O 16. O-O Rac8 17. Rfd1 Rfe8 18. Bf1 f5 19. Qb3 Qd7 20. d5 Ne5 21.
Bb5 Nxf3+ 22. gxf3 Qe7 23. Bxe8 Rxe8 24. d6 Qg5+ 25. Kh1 Qh5 26. d7 Qxf3+ 27. Kg1 Qg4+ 28. Kh1 Qf3+ 29. Kg1 Qg4+ 30. Kh1 Qf3+ 31. Kg1 Qg4+ 32. Kh1 Qf3+ 33. Kg1 Qg4+ 34. Kh1 Qf3+ 1/2-1/2

[Event "*** MasterClass Titled Tuesday Blitz"]
[Site "Chess.com"]
[Date "2017.07.04"]
[Round "5"]
[White "Aragon"]
[Black "Blitzking4444"]
[Result "0-1"]
[WhiteElo "2301"]
[BlackElo "2249"]
[TimeControl "180+2"]
[EndTime "14:03:16 PDT"]
[Termination "Blitzking4444 won by checkmate"]

1. e4 e6 2. c4 d5 3. cxd5 exd5 4.
Qb3 dxe4 5. Bc4 Qf6 6. Nc3 Qg6 7. Nge2 Bd6 8. O-O Nf6 9. Ng3 O-O 10. Re1 Bxg3 11.
hxg3 Nbd7 12. Qb4 Ne5 13. Bf1 Neg4 14. f3 Qh5 15. fxg4 Nxg4 16. Bc4 Qh2+ 17. Kf1 Qxg3 18. Qc5 Nh2+ 19. Ke2 Bg4# 0-1

[Event "*** MasterClass Titled Tuesday Blitz"]
[Site "Chess.com"]
[Date "2017.07.04"]
[Round "5"]
[White "Hrant_ChessMood"]
[Black "playablecharacter"]
[Result "1-0"]
[WhiteElo "2744"]
[BlackElo "2012"]
[TimeControl "180+2"]
[EndTime "14:03:25 PDT"]
[Termination "Hrant_ChessMood won by checkmate"]

1. Nf3 f5 2. d4 Nf6 3. c4 g6 4. Nc3 Bg7 5. Bf4 O-O 6. e3 d6 7. Qb3 c6 8. Rd1 e6 9. h3 Qe7 10.
Be2 Nbd7 11. Qa3 Ne8 12. O-O h6 13. Rfe1 g5 14. Bg3 f4 15. exf4 gxf4 16. Bh4 Bf6 17. Bxf6 Qxf6 18. Ne4 Qe7 19. Bd3 Ndf6 20. c5 Nxe4 21.
Bxe4 Bd7 22. Bc2 a6 23. Qd3 Qg7 24. Kh2 Rd8 25. b4 Kh8 26. Nh4 d5 27. Ng6+ Kg8 28. Nxf8 Qxf8 29. Qh7# 1-0

[Event "*** MasterClass Titled Tuesday Blitz"]
[Site "Chess.com"]
[Date "2017.07.04"]
[Round "5"]
[White "Keranke"]
[Black "JeffReinberg"]
[Result "1-0"]
[WhiteElo "2649"]
[BlackElo "2461"]
[TimeControl "180+2"]
[EndTime "14:03:46 PDT"]
[Termination "Keranke won on time"]

1. d4 d5 2. Bf4 Nf6 3. e3 c6 4. c4 Bf5 5. Nc3 e6 6. Qb3 Qc8 7. Rc1 dxc4 8. Bxc4 Nbd7 9. Nf3 Nh5 10. Be5 Nxe5 11.
dxe5 Be7 12. h3 O-O 13. g4 Bg6 14. gxh5 Bxh5 15. Nd4 Kh8 16. Be2 Bg6 17. h4 c5 18.
Ndb5 a6 19. h5 Bf5 20. e4 Qc6 21. Nd6 Bg5 22. Rd1 1-0

[Event "*** MasterClass Titled Tuesday Blitz"]
[Site "Chess.com"]
[Date "2017.07.04"]
[Round "5"]
[White "IMJonathanCarlstedt"]
[Black "Aguiar94"]
[Result "1-0"]
[WhiteElo "2484"]
[BlackElo "2408"]
[TimeControl "180+2"]
[EndTime "14:03:47 PDT"]
[Termination "IMJonathanCarlstedt won by resignation"]

1. d4 Nf6 2. Bf4 d5 3. e3 c5 4. c3 Nc6 5. Nd2 Qb6 6. Qb3 c4 7. Qc2 g6 8. e4 Nxe4 9. Nxe4 Bf5 10. f3 Rc8 11. g4 dxe4 12. gxf5 exf3 13. fxg6 hxg6 14.
Nxf3 Bg7 15. O-O-O Qa6 16. Kb1 b5 17. d5 Na5 18. d6 O-O 19. d7 Ra8 20. Bg2 Nc6 21. Ne5 Nxe5 22. Bxe5 Rad8 23. Bc7 b4 24. Bxd8 Rxd8 25.
cxb4 Qb5 26. Rd5 Qxb4 27. Rhd1 e6 28. Rd6 Be5 29. Rc6 c3 30. Rc8 Qb6 31. Rxd8+ Qxd8 32. Qe4 Bf6 33. Qa8 1-0

[Event "*** MasterClass Titled Tuesday Blitz"]
[Site "Chess.com"]
[Date "2017.07.04"]
[Round "5"]
[White "Indianlad"]
[Black "GMAkobianSTL"]
[Result "0-1"]
[WhiteElo "2514"]
[BlackElo "2574"]
[TimeControl "180+2"]
[EndTime "14:03:54 PDT"]
[Termination "GMAkobianSTL won by resignation"]

1. d4 e6 2. Nf3 Nf6 3. g3 b5 4.
Bg2 Bb7 5. O-O Be7 6. a4 b4 7. c4 a5 8. b3 d6 9. Bb2 Nbd7 10. e3 O-O 11. Nbd2 c5 12. Rc1 Qc7 13. Qe2 Rfd8 14. Rfd1 Rac8 15. e4 cxd4 16. Nxd4 Nc5 17.
Nb5 Qb8 18. e5 dxe5 19. Bxe5 Qa8 20. Bxb7 Qxb7 21. Nd4 Nfd7 22. N2f3 Nxe5 23. Qxe5 Rd7 24. Qe3 Rcd8 25. Rd2 Ne4 26. Rd3 Bc5 27. Rcd1 Nc3 28. R1d2 h6 29. Ne5 Rxd4 30. Rxd4 Rxd4 0-1

[Event "*** MasterClass Titled Tuesday Blitz"]
[Site "Chess.com"]
[Date "2017.07.04"]
[Round "5"]
[White "viggi38"]
[Black "ohusbands"]
[Result "0-1"]
[WhiteElo "2248"]
[BlackElo "2381"]
[TimeControl "180+2"]
[EndTime "14:04:02 PDT"]
[Termination "ohusbands won by resignation"]

1. d4 Nf6 2. Bf4 d5 3. e3 e6 4. Nd2 Bd6 5. Bg3 c5 6. c3 Nc6 7. Ngf3 O-O 8. Bd3 Bxg3 9. hxg3 h6 10. Ne5 Nxe5 11. dxe5 Nd7 12. f4 c4 13. Bc2 Qb6 14. Kf2 f6 15. exf6 Nxf6 16. b3 cxb3 17. Nxb3 e5 18. Rh4 Bd7 19. f5 Bxf5 20. Bxf5 Ne4+ 21.
Rxe4 Rxf5+ 22. Ke2 dxe4 23. Qd5+ Kh8 24. g4 Rff8 25. Qxe4 Qf6 26. Qf5 Qa6+ 27. Qd3 Rf2+ 0-1

[Event "*** MasterClass Titled Tuesday Blitz"]
[Site "Chess.com"]
[Date "2017.07.04"]
[Round "5"]
[White "Tesla37"]
[Black "x-3738459472"]
[Result "1-0"]
[WhiteElo "2635"]
[BlackElo "2457"]
[TimeControl "180+2"]
[EndTime "14:04:09 PDT"]
[Termination "Tesla37 won by resignation"]

1. Nf3 Nf6 2. g3 d5 3. Bg2 c6 4. O-O Bf5 5. c4 e6 6. d3 Be7 7. Qb3 Qb6 8. Qc2 O-O 9. cxd5 cxd5 10. Be3 Qa6 11. Nd4 Bg6 12. a4 Nc6 13. Nxc6 bxc6 14.
Rc1 Rfc8 15. Bc5 Bxc5 16. Qxc5 Qb7 17. Rc2 Nd7 18. Qd6 c5 19. Nc3 c4 20. Nxd5 exd5 21. Bxd5 Qb3 22. Rac1 Nb6 23. Bxa8 Rxa8 24. a5 cxd3 25.
Rc8+ 1-0

[Event "*** MasterClass Titled Tuesday Blitz"]
[Site "Chess.com"]
[Date "2017.07.04"]
[Round "5"]
[White "vpantev"]
[Black "OparinGrigoriy"]
[Result "1-0"]
[WhiteElo "2459"]
[BlackElo "2740"]
[TimeControl "180+2"]
[EndTime "14:04:13 PDT"]
[Termination "vpantev won by resignation"]

1. d4 Nf6 2. Nf3 e6 3. Bf4 Nc6 4. e3 Ne7 5. h3 Ng6 6. Bh2 c5 7. c3 b6 8. Nbd2 Bb7 9. Be2 Be7 10. O-O O-O 11. a4 cxd4 12. exd4 d6 13. Re1 Nd5 14. Bf1 Qd7 15. Qb3 Rfb8 16. Bb5 Qd8 17. Bg3 Ngf4 18. Bf1 h6 19. c4 Nh5 20. cxd5 Nxg3 21. fxg3 Bxd5 22. Bc4 Bb7 23. Bxe6 fxe6 24. Qxe6+ Kf8 25. Nh4 Bxh4 26. gxh4 1-0

[Event "*** MasterClass Titled Tuesday Blitz"]
[Site "Chess.com"]
[Date "2017.07.04"]
[Round "5"]
[White "aspired"]
[Black "JammyDodger91"]
[Result "1-0"]
[WhiteElo "2522"]
[BlackElo "2290"]
[TimeControl "180+2"]
[EndTime "14:04:17 PDT"]
[Termination "aspired won by resignation"]

1. e4 c5 2. Nf3 e6 3. d4 cxd4 4. Nxd4 a6 5. Nc3 Qc7 6. Qf3 Nf6 7. Bg5 Be7 8. Bd3 d6 9. O-O-O Nbd7 10. Qg3 b5 11. Bxb5 axb5 12. Ndxb5 Qb8 13. Nxd6+ Bxd6 14.
Rxd6 Nh5 15. Qd3 h6 16. Be3 O-O 17. Rd1 Nhf6 18. f4 e5 19. f5 Ba6 20. Rxa6 Rxa6 21. Qxa6 1-0

[Event "*** MasterClass Titled Tuesday Blitz"]
[Site "Chess.com"]
[Date "2017.07.04"]
[Round "5"]
[White "mokerslag"]
[Black "Schemato"]
[Result "1-0"]
[WhiteElo "2479"]
[BlackElo "2305"]
[TimeControl "180+2"]
[EndTime "14:04:24 PDT"]
[Termination "mokerslag won by resignation"]

1. e4 e6 2. d4 d5 3. Nd2 Be7 4. e5 b6 5. Ngf3 h5 6. Bd3 Ba6 7. c4 Qd7 8. b3 Bb4 9. O-O Ne7 10. Qc2 Nbc6 11. Bb2 Bxd2 12. Qxd2 dxc4 13. bxc4 O-O-O 14. a4 Na5 15. Qc2 Nec6 16. c5 Bxd3 17. Qxd3 Nb4 18. Qe4 Qc6 19. Qe2 Kb7 20. Bc3 bxc5 21. dxc5 Qxc5 22. Bxb4 Qxb4 23. Rfb1 Nb3 24. Qe3 Ka8 25. Rxb3 1-0

[Event "*** MasterClass Titled Tuesday Blitz"]
[Site "Chess.com"]
[Date "2017.07.04"]
[Round "5"]
[White "PelinGorki"]
[Black "Cryptochess"]
[Result "0-1"]
[WhiteElo "2317"]
[BlackElo "2497"]
[TimeControl "180+2"]
[EndTime "14:04:30 PDT"]
[Termination "Cryptochess won by resignation"]

1. e4 d6 2. d4 Nf6 3. Nc3 g6 4.
Be3 c6 5. Qd2 b5 6. Bd3 e5 7. Nf3 exd4 8. Bxd4 Bg7 9. O-O O-O 10.
Rfe1 b4 11. Ne2 c5 12. Be3 Re8 13. Ng3 Bb7 14. Bg5 Nc6 15. Rad1 Qc7 16. Qf4 Nd7 17. Bc4 Nde5 18. Nxe5 Bxe5 19. Qh4 Bxb2 20. e5 Nxe5 21. Rb1 Bc3 22. Re3 Qc6 23. Ne4 Nxc4 24. Bf6 Rxe4 25.
Qh6 Bxf6 26. Rh3 0-1

[Event "*** MasterClass Titled Tuesday Blitz"]
[Site "Chess.com"]
[Date "2017.07.04"]
[Round "5"]
[White "GM_dmitrij"]
[Black "aNaartjieZA"]
[Result "1-0"]
[WhiteElo "2496"]
[BlackElo "2313"]
[TimeControl "180+2"]
[EndTime "14:04:30 PDT"]
[Termination "GM_dmitrij won by checkmate"]

1. e4 e6 2. d4 d5 3. Nc3 Bb4 4. e5 c5 5. a3 Bxc3+ 6. bxc3 Qc7 7. Qg4 Ne7 8. Bd3 cxd4 9. Ne2 Nbc6 10. cxd4 Bd7 11.
O-O O-O-O 12. a4 h5 13. Qf4 g5 14. Qd2 Nf5 15. Bxf5 exf5 16. Ba3 f4 17. a5 f3 18. Bd6 fxe2 19. Rfe1 Qxd6 20. exd6 Bg4 21. f3 Be6 22. Rxe2 g4 23. a6 b6 24. fxg4 hxg4 25.
c4 Rxd6 26. c5 bxc5 27. dxc5 Rd7 28. Rb1 d4 29. Qf4 g3 30. hxg3 d3 31. Reb2 Rc7 32.
Rb7 Rxb7 33. Rxb7 Kd8 34. Qc7+ Ke8 35. Qxc6+ Kf8 36. Rb8+ Kg7 37. Rxh8 d2 38. Qd6 Bd5 39. Qh6# 1-0

[Event "*** MasterClass Titled Tuesday Blitz"]
[Site "Chess.com"]
[Date "2017.07.04"]
[Round "5"]
[White "MITerryble"]
[Black "nihalsarin"]
[Result "1-0"]
[WhiteElo "2653"]
[BlackElo "2631"]
[TimeControl "180+2"]
[EndTime "14:04:46 PDT"]
[Termination "MITerryble won by resignation"]

1. d4 Nf6 2. Nf3 d5 3. c4 e6 4.
e3 b6 5. Bd3 Bb7 6. O-O Bd6 7.
b3 O-O 8. Bb2 Nbd7 9. Nbd2 a6 10. Ne5 c5 11. Qc2 h6 12. f4 Rc8 13. Rac1 b5 14. Qb1 bxc4 15. bxc4 cxd4 16. Bxd4 Rb8 17. c5 Bxe5 18. fxe5 Ng4 19. Nf3 Bc6 20. Qc2 f6 21. exf6 Ngxf6 22. Bxa6 Qc7 23. Qg6 e5 24. Ba1 Ra8 25.
Bd3 e4 26. Nh4 Ne5 27. Qg3 Rae8 28. Be2 Kh7 29. Ng6 d4 30. Nxf8+ Rxf8 31. exd4 1-0

[Event "*** MasterClass Titled Tuesday Blitz"]
[Site "Chess.com"]
[Date "2017.07.04"]
[Round "5"]
[White "Elshan1985"]
[Black "Vamostodorecto"]
[Result "1-0"]
[WhiteElo "2635"]
[BlackElo "2335"]
[TimeControl "180+2"]
[EndTime "14:04:52 PDT"]
[Termination "Elshan1985 won by resignation"]

1. e4 e5 2. Nf3 Nc6 3. Bb5 a6 4. Ba4 Nf6 5. O-O b5 6. Bb3 Bb7 7. d3 Bc5 8. a3 O-O 9. Nc3 d6 10. Bg5 h6 11. Bh4 Nd4 12. Nxd4 Bxd4 13. Ne2 Bxb2 14.
Ra2 Bd4 15. Nxd4 exd4 16. f4 c5 17. e5 c4 18. exf6 cxb3 19. fxg7 bxa2 20. Bxd8 Rfxd8 21. Qh5 Kxg7 22. f5 Rh8 23. f6+ Kf8 24. Ra1 Re8 25. Rxa2 Re1+ 26. Kf2 Re5 27. Qh4 Rf5+ 28. Ke1 Bxg2 29. Qxd4 Re5+ 30. Kd2 Bd5 31. Ra1 Rg8 32. Rg1 Rxg1 33. Qxg1 Ke8 34. Qa7 Kf8 35. Qb8+ Re8 36.
Qxd6+ 1-0

[Event "*** MasterClass Titled Tuesday Blitz"]
[Site "Chess.com"]
[Date "2017.07.04"]
[Round "5"]
[White "BigMak2500"]
[Black "dretch"]
[Result "1-0"]
[WhiteElo "2395"]
[BlackElo "2480"]
[TimeControl "180+2"]
[EndTime "14:04:56 PDT"]
[Termination "BigMak2500 won by checkmate"]

1. e4 e6 2. d4 d5 3. Nc3 Nf6 4. Bg5 dxe4 5. Nxe4 Be7 6. Nxf6+ Bxf6 7. Bxf6 Qxf6 8. Nf3 c5 9. c4 Nc6 10. d5 Ne5 11. Be2 O-O 12. O-O Rd8 13. Re1 exd5 14. cxd5 Be6 15. Nxe5 Qxe5 16. Bc4 Qf5 17. dxe6 Rxd1 18.
Raxd1 g6 19. e7 Qf6 20. e8=Q+ Rxe8 21. Rxe8+ Kg7 22. Rd7 Qxb2 23. Rxf7+ Kh6 24. Ree7 Qc1+ 25.
Bf1 g5 26. Rf6+ Kh5 27. Rxh7+ Kg4 28. f3# 1-0

[Event "*** MasterClass Titled Tuesday Blitz"]
[Site "Chess.com"]
[Date "2017.07.04"]
[Round "5"]
[White "AllStarShark"]
[Black "Andrjywa"]
[Result "0-1"]
[WhiteElo "2280"]
[BlackElo "2298"]
[TimeControl "180+2"]
[EndTime "14:04:56 PDT"]
[Termination "Andrjywa won on time"]

1. d4 Nf6 2. Bg5 e6 3. e4 Be7 4. e5 Nd5 5. Bxe7 Qxe7 6. Nf3 f5 7. exf6 Qxf6 8. c3 O-O 9. Bd3 Nc6 10. Qc2 Nf4 11. Bf1 e5 12. Nbd2 exd4 13. cxd4 Re8+ 14. Kd1 d5 15. g3 Bf5 16. Qa4 Nd3 17. Bxd3 Bxd3 18.
Re1 Rxe1+ 19. Kxe1 Qe6+ 20. Kd1 Qe2+ 21. Kc1 Re8 22. Qd1 Qxf2 23. b3 Nxd4 24. Kb2 Nxf3 25. Qxf3 Qxd2+ 26. Ka3 Qa5+ 27. Kb2 Re2+ 0-1

[Event "*** MasterClass Titled Tuesday Blitz"]
[Site "Chess.com"]
[Date "2017.07.04"]
[Round "5"]
[White "Alliswell998"]
[Black "hypert"]
[Result "1-0"]
[WhiteElo "2318"]
[BlackElo "2345"]
[TimeControl "180+2"]
[EndTime "14:05:13 PDT"]
[Termination "Alliswell998 won by resignation"]

1. e4 c5 2. Nc3 Nc6 3. f4 e6 4. Nf3 Nge7 5. d4 cxd4 6. Nxd4 Nxd4 7. Qxd4 Nc6 8. Qf2 a6 9. Be3 Bb4 10. Bd3 d5 11. Bb6 Qf6 12. O-O Bxc3 13. bxc3 dxe4 14. Bxe4 O-O 15. Rad1 Qxc3 16. Rd3 Qc4 17. Re3 Nb4 18.
Qh4 f5 19. Rh3 h6 20. Bd3 Nxd3 21. Rxd3 Qb5 22. Bd4 Bd7 23. Rg3 Rf7 24. Qxh6 Rc8 25. Rxg7+ Kf8 26. Rh7+ Ke7 27. Qg5+ Ke8 28. Rh8+ Rf8 29.
Qg6+ Ke7 30. Qg7+ Rf7 31. Bf6+ Kd6 32. Be5+ Ke7 33. Qg5+ 1-0

[Event "*** MasterClass Titled Tuesday Blitz"]
[Site "Chess.com"]
[Date "2017.07.04"]
[Round "5"]
[White "Tonychess32"]
[Black "AkshatChandra"]
[Result "0-1"]
[WhiteElo "2446"]
[BlackElo "2661"]
[TimeControl "180+2"]
[EndTime "14:05:26 PDT"]
[Termination "AkshatChandra won by resignation"]

1. e4 c5 2. Nf3 d6 3. d4 cxd4 4. Nxd4 Nf6 5. Nc3 a6 6. h3 e6 7. g4 Be7 8. Be3 b5 9. Bg2 Bb7 10. g5 Nfd7 11. Qd2 Nc6 12. O-O-O Nc5 13. h4 b4 14. Nce2 Qa5 15. Kb1 Nxd4 16. Bxd4 Nxe4 17. Bxe4 Bxe4 18. f3 Bxf3 19. Rhf1 Bxe2 20. Qxe2 O-O 21. Rg1 e5 22. Be3 d5 23. h5 Rad8 24. g6 fxg6 25. hxg6 h6 26. Qh5 Bf6 27. Rdf1 Qc7 28. Rh1 e4 29. Bf4 Qe7 30. Bd2 e3 31. Re1 d4 32.
Bc1 Qe4 33. Rhf1 d3 34. cxd3 Qxd3+ 35. Ka1 Bxb2+ 36. Bxb2 Rxf1 37. Qh4 Rxe1+ 38. Qxe1 Qd1+ 0-1

[Event "*** MasterClass Titled Tuesday Blitz"]
[Site "Chess.com"]
[Date "2017.07.04"]
[Round "5"]
[White "Rodalquilar"]
[Black "djogrodek1"]
[Result "1-0"]
[WhiteElo "2533"]
[BlackElo "2331"]
[TimeControl "180+2"]
[EndTime "14:05:31 PDT"]
[Termination "Rodalquilar won by resignation"]

1. d4 d5 2. Bf4 Nf6 3. e3 c5 4. Nf3 Nc6 5. Nbd2 Qb6 6. dxc5 Qxb2 7. Rb1 Qc3 8. Bb5 e6 9. O-O Be7 10. Nb3 Nd7 11. Nfd4 Na5 12. Nxa5 Qxa5 13. c6 bxc6 14. Bxc6 Ba6 15. Bxa8 Bxf1 16. Qxf1 e5 17. Bc6 exf4 18. Rb5 Qd2 19. Rxd5 O-O 20. Nf5 Qb4 21. c3 Qa3 22.
Nxe7+ Qxe7 23. Rxd7 Qc5 24. Bd5 fxe3 25. c4 Qa3 26.
fxe3 Qxe3+ 27. Kh1 Kh8 28. Rxf7 Rxf7 29. Bxf7 Qd2 30. Bd5 1-0

[Event "*** MasterClass Titled Tuesday Blitz"]
[Site "Chess.com"]
[Date "2017.07.04"]
[Round "5"]
[White "Godzillator"]
[Black "SuperCheese"]
[Result "0-1"]
[WhiteElo "2264"]
[BlackElo "2418"]
[TimeControl "180+2"]
[EndTime "14:05:33 PDT"]
[Termination "SuperCheese won by resignation"]

1. d4 Nf6 2. c4 e6 3. Nc3 Bb4 4. Qc2 d5 5. cxd5 exd5 6. Bg5 c5 7. Nf3 cxd4 8. Nxd4 Nc6 9. Rd1 O-O 10. e3 h6 11.
Bh4 g5 12. Bg3 Ne4 13. Bd3 Nxd4 14. exd4 Bxc3+ 15. bxc3 Nxg3 16. hxg3 Re8+ 17. Kf1 Kg7 18. f3 Qe7 19. Qd2 Be6 20. Kf2 Rac8 21. Rde1 Qa3 22. Rc1 Re7 23. f4 f6 24. Rhe1 Bf7 25. Rxe7 Qxe7 26.
Bf5 Rc7 27. Re1 Qa3 28. Re3 Re7 29. Rxe7 Qxe7 30. Qe2 Qa3 31. Qc2 b5 32. Bd3 b4 33.
cxb4 Qxb4 34. Ke3 Qe1+ 35. Kf3 a5 36. Bf5 h5 37. Qe2 g4+ 38. Ke3 Qxg3+ 39. Kd2 Qxf4+ 40. Kc3 Qxf5 0-1

[Event "*** MasterClass Titled Tuesday Blitz"]
[Site "Chess.com"]
[Date "2017.07.04"]
[Round "5"]
[White "scrapnel"]
[Black "ulises2013"]
[Result "1/2-1/2"]
[WhiteElo "2534"]
[BlackElo "2314"]
[TimeControl "180+2"]
[EndTime "14:05:34 PDT"]
[Termination "Game drawn by repetition"]

1. Nf3 g6 2. d4 Bg7 3. e4 c5 4. c3 cxd4 5. cxd4 d5 6. exd5 Nf6 7. Nc3 O-O 8. Bc4 Nbd7 9. O-O Nb6 10.
Bb3 Nbxd5 11. h3 b6 12. Re1 Bb7 13. Ne5 Rc8 14. Qf3 Ba8 15. Nxd5 Bxd5 16. Bxd5 Qxd5 17.
Qxd5 Nxd5 18. Nf3 e6 19. Bd2 Rc2 20. Rab1 Rfc8 21. Rec1 Kf8 22. Kf1 h6 23. Ke1 Rxc1+ 24. Rxc1 Rxc1+ 25. Bxc1 Ke7 26. Bd2 Kd7 27. Ke2 Kc6 28.
Kd3 b5 29. a3 a6 30. Ba5 Nf4+ 31. Ke4 Nxg2 32. Ne5+ Bxe5 33. Kxe5 Nh4 34. Kf6 Kd5 35. Kxf7 g5 36. Bc3 h5 37. Kf6 Nf3 38. Kg6 g4 39. hxg4 hxg4 40. Kh5 Nxd4 41. Kxg4 Nf5 42. Kf4 Nd6 43.
b3 Nb7 44. Bb4 Nd8 45. Ke3 Nc6 46. Bc3 e5 47. f3 Ne7 48. Bb2 Ng6 49. Kd3 Nf4+ 50.
Ke3 Ne6 51. Kd3 Ng5 52. Ke3 Ne6 53. Kd3 Ng5 54. Ke3 Ne6 55. Kd3 1/2-1/2

[Event "*** MasterClass Titled Tuesday Blitz"]
[Site "Chess.com"]
[Date "2017.07.04"]
[Round "5"]
[White "MarshKnight"]
[Black "stuffings101"]
[Result "0-1"]
[WhiteElo "2138"]
[BlackElo "2184"]
[TimeControl "180+2"]
[EndTime "14:05:35 PDT"]
[Termination "stuffings101 won by checkmate"]

1. e4 d6 2. d4 Nf6 3. Nc3 g6 4. Nf3 Bg7 5. h3 O-O 6. Be3 a6 7. Be2 Nc6 8. a4 e5 9. d5 Ne7 10.
Qd2 Bd7 11. Bh6 b5 12. Bxg7 Kxg7 13. axb5 axb5 14. Rxa8 Qxa8 15. O-O b4 16. Nb5 Bxb5 17.
Bxb5 Nxe4 18. Qxb4 Nf6 19. c4 Ne4 20. Qa3 Qb7 21.
Ra1 Nxd5 22. Qa7 Qxa7 23. Rxa7 Nf4 24. Rxc7 h6 25. h4 Ra8 26. g3 Ra1+ 27. Kh2 Ne6 28. Rd7 Rf1 29. Kh3 Rxf2 30. Nh2 h5 31. g4 Nf4# 0-1

[Event "*** MasterClass Titled Tuesday Blitz"]
[Site "Chess.com"]
[Date "2017.07.04"]
[Round "5"]
[White "Yaacovn"]
[Black "dhanushbharadwaj"]
[Result "1-0"]
[WhiteElo "2661"]
[BlackElo "2343"]
[TimeControl "180+2"]
[EndTime "14:05:45 PDT"]
[Termination "Yaacovn won by resignation"]

1. d4 g6 2. Nf3 Bg7 3. c4 c5 4.
g3 cxd4 5. Nxd4 Nc6 6. Nc2 d6 7. Bg2 Be6 8. Ne3 Rc8 9. O-O a6 10. Qd2 Nf6 11. Nc3 O-O 12. b3 b5 13. cxb5 axb5 14.
Bb2 b4 15. Na4 Qa5 16. Rac1 Na7 17. Bd4 Bd7 18. Bb6 Qa6 19. Qxb4 Rb8 20. Qa5 Qxa5 21. Bxa5 Bh6 22. Rc7 Nb5 23. Rb7 Rxb7 24. Bxb7 Nd4 25.
Bf3 Rc8 26. Nb6 Rc5 27. Nxd7 Rxa5 28. Nxf6+ exf6 29. b4 Rxa2 30. Rb1 Nb5 31. Nd5 Kg7 32. e3 f5 33. Bg2 Bg5 34. Bf1 Na3 35. Rb3 Ra1 36. b5 Nc4 37. b6 Rxf1+ 38. Kxf1 Nd2+ 39. Kg2 Nxb3 40. b7 1-0

[Event "*** MasterClass Titled Tuesday Blitz"]
[Site "Chess.com"]
[Date "2017.07.04"]
[Round "5"]
[White "IamSchrodingersCat"]
[Black "michaelk123"]
[Result "0-1"]
[WhiteElo "2420"]
[BlackElo "2293"]
[TimeControl "180+2"]
[EndTime "14:05:47 PDT"]
[Termination "michaelk123 won by resignation"]

1. e4 c5 2. Nf3 e6 3. d4 cxd4 4. Nxd4 Nc6 5. Nc3 Qc7 6. Be3 a6 7. f4 b5 8. Qd2 Bb7 9. Bd3 Rc8 10. a3 h5 11. Nxc6 Bxc6 12. O-O Nf6 13. h3 h4 14. Qf2 Be7 15. e5 Nh5 16. Ne4 Bxe4 17.
Bxe4 Ng3 18. Bd3 Nxf1 19. Rxf1 Bc5 20. Kh2 Bxe3 21. Qxe3 Qc5 22. Qe1 g6 23. Rf3 Ke7 24.
Qa5 Rc6 25. Be4 Rb6 26. Rc3 Qf2 27. Rf3 Qd4 28. c3 Qc5 29. Rd3 Rhb8 30. Rf3 d6 31. exd6+ Rxd6 32. a4 Rd1 0-1